 Dungeon Crawl Stone Soup version 0.22.1-1-ga44c0e56f4 (webtiles) character file.

861 Ihlosi the Fighter (level 8, -2/89 HPs)
             Began as an Ogre Fighter on Nov 1, 2018.
             Was a Follower of Okawaru.
             Shot with an arrow by a centaur (4 damage)
             ... on level 5 of the Dungeon.
             The game lasted 00:21:14 (6595 turns).

Ihlosi the Fighter (Ogre Fighter)                   Turns: 6595, Time: 00:21:15

Health: -2/89      AC:  7    Str: 20 (21) XL:     8   Next: 2%
Magic:  9/9        EV:  8    Int: 14 (15) God:    Okawaru [*.....]
Gold:   135        SH:  8    Dex:  7 (10) Spells: 7/7 levels left

rFire    . . .     SeeInvis .   a - +1 flail
rCold    . . .     Gourm    .   c - +0 shield
rNeg     . . .     Faith    .   b - +0 robe
rPois    .         Spirit   .   (helmet restricted)
rElec    .         Reflect  .   t - +1 cloak
rCorr    .         Harm     .   (gloves unavailable)
MR       .....                  (boots unavailable)
Stlth    +.........             (no amulet)
HPRegen  0.24/turn              x - +4 ring of intelligence
MPRegen  0.11/turn              (no ring)

@: about to teleport
A: large, unfitting armour, thin metallic scales 1, clever 1, tough skin 1
a: Heroism, Renounce Religion


You were on level 5 of the Dungeon.
You worshipped Okawaru.
Okawaru was aware of your devotion.
You were not hungry.

You visited 1 branch of the dungeon, and saw 5 of its levels.
You also visited: Ossuary.

You collected 135 gold pieces.

Inventory:

Hand Weapons
 a - a +1 flail (weapon)
 d - a +0 dagger of draining
 m - a +1 dagger of protection
 q - a +0 great mace
 s - a +0 dagger of venom
 v - a +0 dagger of speed
 B - the +8 hunting sling "Liymasow" {flame, Str+3}
   (You found it on level 4 of the Dungeon)

   It causes projectiles fired from it to burn those they strike, causing extra
   injury to most foes and up to half again as much damage against particularly
   susceptible opponents.
   It affects your strength (+3).
Missiles
 z - 10 stones (quivered)
Armour
 b - a +0 robe (worn)
 c - a +0 shield (worn)
 t - a +1 cloak (worn)
Magical Staves
 l - an uncursed staff of poison
Jewellery
 x - a +4 ring of intelligence (left hand)
Scrolls
 e - 4 scrolls of teleportation
 i - 8 scrolls of identify
 k - 4 scrolls of amnesia
 o - 2 scrolls of fog {unknown}
 u - 2 scrolls of remove curse
 w - 3 scrolls of fear
 y - a scroll of enchant weapon
Potions
 g - 2 potions of mutation
 j - 2 potions of curing
 n - a potion of magic
 p - a potion of brilliance
 r - a potion of might
 A - a potion of berserk rage {unknown}
 C - 2 potions of lignification {unknown}
Comestibles
 f - 5 rations


   Skills:
 * Level 8.4 Fighting
 + Level 5.6 Maces & Flails
 - Level 3.0 Dodging
 - Level 3.0 Shields
 * Level 2.4 Invocations


You had 7 spell levels left.
You didn't know any spells.
Your spell library was empty.

Dungeon Overview and Level Annotations

Branches:
Dungeon (5/15)
 Temple: D:4-7

Altars:
Elyvilon
Okawaru
Trog

Shops:
D:5 =


Innate Abilities, Weirdness & Mutations

You are too large for most types of armour.
You have tough skin. (AC +1)
You are partially covered in thin metallic scales. (AC +2)
Your mind is acute. (Int +2)


Message History

The two-headed ogre hits you with a giant club!!
The two-headed ogre misses you.
It was a potion of degeneration.
There was something very wrong with that liquid.
You feel weakened.
You feel dopey.
You feel clumsy.
The two-headed ogre hits you with a giant club!!
* * * LOW HITPOINT WARNING * * *
The two-headed ogre hits you with a giant spiked club!
* * * LOW HITPOINT WARNING * * *
Found a fuming emerald potion.
As you read the scroll of teleportation, it crumbles to dust.
You feel strangely unstable.
The centaur shouts!
The centaur shoots an arrow.
The arrow hits you.
* * * LOW HITPOINT WARNING * * *
The two-headed ogre hits you with a giant club.
* * * LOW HITPOINT WARNING * * *
The two-headed ogre barely misses you.
The centaur shoots an arrow.
The arrow hits you.
You die...

.....#...........##
...................
............#######
#........### #........#
#........# #########.##
#.......#.#### ## ...
#@.%O..<...# . .s
#..(###....# ### .. #...#
.....# ... #. !.....#.#....#
##.. #. ########c.#.#......
#...
#%##...........#.....###...
##..............#......##..#
#...........s...#...........
#....................#....##


You could see a two-headed ogre, a centaur and a scorpion.

Vanquished Creatures
  A wraith (Ossuary)
  2 scorpions
  A crimson imp (D:5)
  A hound (D:4)
  3 orc priests
  A centaur skeleton (D:4)
  5 orc wizards
  A worker ant (D:4)
  A big kobold zombie (Ossuary)
  A hound skeleton (D:4)
  3 mummies (Ossuary)
  Robin (D:3)
  2 adders
  3 gnolls (D:4)
  4 worms
  2 dart slugs
  A leopard gecko (D:2)
  18 orcs
  4 giant cockroaches
  23 goblins
  9 hobgoblins
  3 jackals (D:2)
  8 kobolds
  A quokka (D:3)
  2 ball pythons
  7 bats
  4 frilled lizards
  2 goblin zombies (Ossuary)
  5 hobgoblin zombies (Ossuary)
  4 kobold zombies (Ossuary)
  An orc zombie (Ossuary)
  A quokka skeleton (D:3)
  A quokka zombie (D:5)
  4 rats
130 creatures vanquished.

Vanquished Creatures (others)
  2 goblins (D:3)
  A quokka (D:3)
3 creatures vanquished.

Grand Total: 133 creatures vanquished

Notes
Turn   | Place    | Note
-------+----------+-------------------------------------------
     0 | D:1      | Ihlosi the Ogre Fighter began the quest for the Orb.
     0 | D:1      | Reached XP level 1. HP: 24/24 MP: 1/1
   351 | D:1      | Reached XP level 2. HP: 28/33 MP: 2/2
   801 | D:1      | Reached XP level 3. HP: 40/40 MP: 3/3
   825 | D:1      | You fall through a shaft!
  1020 | D:2      | Found a bloodstained altar of Trog.
  1152 | D:2      | Reached skill level 5 in Fighting
  1433 | D:2      | Reached XP level 4. HP: 49/50 MP: 4/4
  2644 | D:3      | Reached XP level 5. HP: 55/59 MP: 5/5
  2693 | D:3      | Reached skill level 6 in Fighting
  3089 | D:3      | Reached XP level 6. HP: 12/68 MP: 6/6
  3639 | D:3      | Found an iron altar of Okawaru.
  3659 | D:3      | Became a worshipper of Warmaster Okawaru
  3714 | D:3      | Noticed Robin
  3747 | D:3      | Killed Robin
  3895 | D:3      | Found a white marble altar of Elyvilon.
  4482 | D:4      | Reached skill level 7 in Fighting
  4564 | D:4      | Reached skill level 1 in Invocations
  4564 | D:4      | Reached XP level 7. HP: 67/78 MP: 7/7
  4938 | D:4      | Reached skill level 5 in Maces & Flails
  5136 | D:4      | Got a scorched hunting sling
  5137 | D:4      | Identified the +8 hunting sling "Liymasow" {flame, Str+3}
                  | (You found it on level 4 of the Dungeon)
  5637 | D:5      | Entered Level 5 of the Dungeon
  5661 | D:5      | Noticed a two-headed ogre
  5839 | D:5      | Found a sand-covered staircase.
  5847 | Ossuary  | Entered an ossuary
  5847 | Ossuary  | Noticed a wraith
  5847 | Ossuary  | Noticed a wraith
  5847 | Ossuary  | Noticed a wraith
  5915 | Ossuary  | Gained mutation: Your mind is acute. (Int +2) [potion of
                  | mutation]
  5915 | Ossuary  | Gained mutation: You are partially covered in thin metallic
                  | scales. (AC +2) [potion of mutation]
  6122 | Ossuary  | Noticed a wraith
  6130 | Ossuary  | Killed a wraith
  6130 | Ossuary  | Reached * piety under Okawaru
  6130 | Ossuary  | Reached skill level 8 in Fighting
  6321 | Ossuary  | Reached XP level 8. HP: 89/89 MP: 9/9
  6533 | D:5      | Found Ycackov's Jewellery Boutique.
  6593 | D:5      | HP: 2/89 [two-headed ogre/giant club (5)]
  6595 | D:5      | Shot with an arrow by a centaur

Skill      XL: |  1  2  3  4  5  6  7 |
---------------+----------------------+-----
Maces & Flails | 2 3 4 5 |  5.6
Shields        | 3 |  3.0
Dodging        | 3 |  3.0
Fighting       | 5 6 7 8 |  8.4
Invocations    | 1 2 |  2.4

Action                   |  1- 3 |  4- 6 |  7- 9 || total
-------------------------+-------+-------+-------++-------
Melee: Flail             |   122 |   136 |   114 ||   372
       Dagger            |       |    91 |    43 ||   134
 Fire: Hunting sling     |       |       |     5 ||     5
  Use: Potion            |       |     1 |     5 ||     6
       Scroll            |       |       |    11 ||    11
 Stab: Sleeping          |       |     1 |       ||     1
  Eat: Chunk             |     1 |     9 |     3 ||    13
       Ration            |       |     1 |     1 ||     2
Armor: Robe              |    33 |    61 |    42 ||   136
Dodge: Dodged            |    35 |    74 |    44 ||   153
Block: Shield            |    56 |   100 |    80 ||   236
